 Dungeon Crawl Stone Soup version 0.22-a0-609-gfedc9ff (webtiles) character file.

131 Hebeh the Magician (level 4, 0/24 HPs)
             Began as a Deep Elf Fire Elementalist on July 10, 2018.
             Slain by a worm (3 damage)
             ... on level 3 of the Dungeon.
             The game lasted 00:13:22 (2673 turns).

Hebeh the Magician (Deep Elf Fire Elementalist)     Turns: 2673, Time: 00:13:22

Health: 0/24       AC:  3    Str:  6    XL:     4   Next: 91%
Magic:  1/12       EV: 13    Int: 20    God:
Gold:   86         SH:  3    Dex: 15    Spells: 6/12 levels left

rFire    . . .     SeeInvis .   g - +0 short sword
rCold    + . .     Gourm    .   (no shield)
rNeg     . . .     Faith    .   a - +0 robe
rPois    .         Spirit   .   r - +1 hat
rElec    .         Reflect  +   (no cloak)
rCorr    .         Harm     .   (no gloves)
MR       .....                  (no boots)
Stlth    ++........             p - +3 amulet of reflection
HPRegen  0.08/turn              e - ring of protection from cold
MPRegen  0.13/turn              (no ring)

@: very slightly contaminated
A: no striking features
a: no special abilities


You were on level 3 of the Dungeon.
You were not hungry.

You visited 1 branch of the dungeon, and saw 3 of its levels.

You collected 86 gold pieces.

Inventory:

Hand Weapons
 g - a +0 short sword (weapon)
Missiles
 l - 29 stones (quivered)
Armour
 a - a +0 robe (worn)
 r - a +1 hat (worn)
Jewellery
 e - a ring of protection from cold (left hand)
 p - a +3 amulet of reflection (around neck)
Wands
 m - a wand of flame (37)
Scrolls
 h - 3 scrolls of remove curse
 i - 2 scrolls of identify
 k - 2 scrolls of teleportation {unknown}
 n - a scroll of enchant armour {unknown}
Potions
 b - a potion of resistance {unknown}
 f - 2 potions of curing {unknown}
 j - a potion of heal wounds {unknown}
 o - a potion of degeneration {unknown}
 q - a potion of mutation {unknown}
Comestibles
 c - 12 rations
 d - 2 chunks of flesh


   Skills:
 - Level 2.4 Dodging
 - Level 2.4 Stealth
 + Level 4.7 Spellcasting
 + Level 3.1 Conjurations
 + Level 4.4 Fire Magic


You had 6 spell levels left.
You knew the following spells:

 Your Spells              Type           Power        Failure   Level  Hunger
a - Flame Tongue          Conj/Fire      ###..        2%          1    None
b - Throw Flame           Conj/Fire      ###...       3%          2    #......
c - Conjure Flame         Conj/Fire      ###.....     8%          3    ##.....

Your spell library contained the following spells:

 Spells                   Type           Power        Failure   Level  Hunger
 Fireball                 Conj/Fire      ###.......   56%         5    ######.
 Sticky Flame             Conj/Fire      ###.....     26%         4    ####...
 Inner Flame              Hex/Fire       ##......     14%         3    ##.....


Dungeon Overview and Level Annotations

Branches:
Dungeon (3/15)

Altars:
Ru
Trog


Message History

The rat closely misses you.
Casting: Throw Flame (safe; 3% risk of failure)
Confirm with . or Enter, or press ? or * to list all spells.
You don't have enough magic to cast that spell.
The rat closely misses you.
Casting: Throw Flame (safe; 3% risk of failure)
Confirm with . or Enter, or press ? or * to list all spells.
You don't have enough magic to cast that spell.
You barely miss the rat. The rat barely misses you.
The worm closely misses you.
You hit the rat.
You kill the rat!
The worm bites you!
Ouch! That really hurt!
* * * LOW HITPOINT WARNING * * *
Casting: Throw Flame (safe; 3% risk of failure)
Confirm with . or Enter, or press ? or * to list all spells.
You don't have enough magic to cast that spell.
The worm bites you.
You die...

#.##....###....#...#.###.#
#.##...##y##...#.......#.#
#.##....###....#.......#.##
#.##...........#...#.###.#.
#)# #...†.....##....#......
##.##
#.......###..##.#####.
#...# ####.####....#### ##
##.#######w## ###.## #.#
#.....@# #.# #.#
#.####.#####.#
#.###.##.........#
#.)......#.####### #
#####.......# #.......#
#.....#.# #.....#.#
#.....#.#


You could see a moth of wrath and a worm (berserk).

Vanquished Creatures
  An orc wizard (D:3)
  3 adders
  A shadow imp (D:2)
  A worm (D:2)
  A dart slug (D:2)
  4 leopard geckos
  4 orcs (D:3)
  A ball python (D:2)
  7 bats
  4 giant cockroaches
  6 goblins
  3 hobgoblins (D:1)
  4 quokkas (D:2)
  3 frilled lizards (D:2)
  4 kobolds
  6 rats
53 creatures vanquished.

Notes
Turn   | Place    | Note
-------+----------+-------------------------------------------
     0 | D:1      | Hebeh the Deep Elf Fire Elementalist began the quest for the Orb.
     0 | D:1      | Reached XP level 1. HP: 10/10 MP: 6/6
     2 | D:1      | Noticed a felid
     2 | D:1      | Noticed an ogre
     4 | D:1      | Noticed a demigod
     4 | D:1      | Noticed a dwarf
     6 | D:1      | Noticed a vine stalker
     8 | D:1      | Noticed a naga
    10 | D:1      | Noticed a ghoul
    12 | D:1      | Noticed a vampire
    12 | D:1      | Noticed a draconian
    14 | D:1      | Noticed a human
    14 | D:1      | Noticed a tengu
    16 | D:1      | Noticed a centaur
    16 | D:1      | Noticed an octopode
    18 | D:1      | Noticed an elf
    18 | D:1      | Noticed a spriggan
    20 | D:1      | Noticed a gargoyle
    20 | D:1      | Noticed a merfolk
    22 | D:1      | Noticed a formicid
    22 | D:1      | Noticed a demonspawn
    24 | D:1      | Noticed a troll
    26 | D:1      | Noticed a halfling
    26 | D:1      | Noticed a minotaur
   236 | D:1      | Reached XP level 2. HP: 15/15 MP: 6/8
   964 | D:2      | Reached XP level 3. HP: 19/19 MP: 6/10
  1261 | D:2      | Found a sacrificial altar of Ru.
  1983 | D:2      | Reached XP level 4. HP: 24/24 MP: 8/12
  2466 | D:3      | Learned a level 2 spell: Throw Flame
  2470 | D:3      | Learned a level 3 spell: Conjure Flame
  2477 | D:3      | Noticed a moth of wrath
  2480 | D:3      | Found a bloodstained altar of Trog.
  2673 | D:3      | Slain by a worm

Vault maps used:
D:1:      kb_arrival_jail, solitary_fountain, serial_bayou_pond_d, st_stairs_7
D:2:      lemuel_round_altar
D:3:      tgw_trog, first_ration, solitary_fountain

Skill      XL: |  1  2  3  4 |
---------------+-------------+-----
Conjurations   | 2 3 |  3.1
Spellcasting   | 4 |  4.7
Fire Magic     | 4 |  4.4
Dodging        | |  2.4
Stealth        | |  2.4

Action                   |  1- 3 |  4- 6 || total
-------------------------+-------+-------++-------
Melee: Short sword       |       |     2 ||     2
Throw: Stone             |    22 |     7 ||    29
 Cast: Flame Tongue      |    82 |    20 ||   102
       Throw Flame       |       |    11 ||    11
  Use: Potion            |     1 |       ||     1
       Scroll            |       |     2 ||     2
  Eat: Chunk             |     3 |     2 ||     5
Armor: Robe              |     4 |     1 ||     5
Dodge: Dodged            |    19 |     9 ||    28
Block: Other             |       |     1 ||     1

Table legend:
 A = Spawn XP
 B = Non-spawn XP
 C = Spawn XP percentage of total XP
 D = Spawn monster count
 E = Non-spawn monster count
 F = Spawn count percentage of total count
 G = Total turns spent on level
                    A         B        C        D         E        F      G
               +---------+---------+-------+---------+---------+-------+---------
         Total |       0 |     188 |   0.0 |       0 |      53 |   0.0 |  2673
               +---------+---------+-------+---------+---------+-------+---------
           D:1 |       0 |      34 |   0.0 |       0 |      18 |   0.0 |   942
           D:2 |       0 |      74 |   0.0 |       0 |      20 |   0.0 |  1132
           D:3 |       0 |      80 |   0.0 |       0 |      15 |   0.0 |   599
               +---------+---------+-------+---------+---------+-------+---------
